3129 views
Uploaded 2020-03-08 17:38:49
Game version 1.32.2
18:39 long 4on4 ladder game on (8)Feralas_LV
Saved by BEARAND
3129 views
Uploaded 2020-03-08 17:38:49
Game version 1.32.2
18:39 long 4on4 ladder game on (8)Feralas_LV


97 units @ 10.4k
/ 0.8k
175 buildings @ 15.8k
/ 7.9k


| Healing Salve | 4 | 400 |
| Lesser Clarity Potion | 3 | 210 |
| Orb of Lightning | 1 | 375 |
| Circlet of Nobility | 1 | 175 |
| Boots of Speed | 2 | 500 |
| Staff of Teleportation | 2 | 300 |
| Staff of Sanctuary | 1 | 250 |
| total: | 14 | 2210g |
| Peon | 17 | 1275 | / | 0 |
| Troll Batrider | 14 | 2240 | / | 560 |
| total: | 31 | 3515g | / | 560w |
| Watch Tower | 40 | 4400 | / | 3200 |
| Altar of Storms | 1 | 180 | / | 50 |
| Orc Burrow | 3 | 480 | / | 120 |
| War Mill | 1 | 205 | / | 0 |
| Voodoo Lounge | 4 | 520 | / | 120 |
| Great Hall | 2 | 770 | / | 370 |
| Barracks | 1 | 180 | / | 50 |
| Beastiary | 2 | 290 | / | 280 |
| Stronghold | 1 | 315 | / | 190 |
| Fortress | 1 | 325 | / | 190 |
| total: | 54 | 7025g | / | 4190w |
| 0:03 | Peon |
| 0:03 | Peon |
| 0:07 | Altar of Storms |
| 0:11 | Orc Burrow |
| 0:36 | War Mill |
| 0:44 | Peon |
| 0:56 | Peon |
| 1:05 | Peon |
| 1:17 | Voodoo Lounge |
| 1:23 | Peon |
| 1:44 | Peon |
| 1:44 | Peon |
| 1:56 | Peon |
| 2:09 | Watch Tower |
| 2:11 | Wind Walk |
| 2:24 | Watch Tower |
| 2:24 | Watch Tower |
| 2:28 | Peon |
| 2:28 | Peon |
| 2:40 | Orc Burrow |
| 3:32 | Watch Tower |
| 3:33 | Watch Tower |
| 3:38 | Circlet of Nobility |
| 3:42 | Boots of Speed |
| 3:42 | Staff of Teleportation |
| 3:55 | Peon |
| 3:55 | Peon |
| 4:26 | Critical Strike |
| 4:32 | Stronghold |
| 4:40 | Watch Tower |
| 4:42 | Watch Tower |
| 4:50 | Healing Salve |
| 5:02 | Spiked Barricades |
| 6:04 | Watch Tower |
| 6:04 | Watch Tower |
| 6:22 | Voodoo Lounge |
| 6:24 | Voodoo Lounge |
| 6:27 | Voodoo Lounge |
| 6:31 | Healing Salve |
| 6:34 | Lesser Clarity Potion |
| 6:58 | Great Hall |
| 7:49 | Wind Walk |
| 8:28 | Watch Tower |
| 8:29 | Watch Tower |
| 8:31 | Watch Tower |
| 8:32 | Fortress |
| 8:37 | Beastiary |
| 8:40 | Orc Burrow |
| 8:41 | Reinforced Defenses |
| 8:48 | Watch Tower |
| 8:49 | Watch Tower |
| 8:56 | Lesser Clarity Potion |
| 9:16 | Watch Tower |
| 9:19 | Hex |
| 9:35 | Great Hall |
| 9:39 | Watch Tower |
| 9:40 | Watch Tower |
| 9:46 | Staff of Teleportation |
| 9:46 | Boots of Speed |
| 10:03 | Watch Tower |
| 10:04 | Watch Tower |
| 10:54 | Watch Tower |
| 10:55 | Watch Tower |
| 11:11 | Watch Tower |
| 11:12 | Watch Tower |
| 11:24 | Troll Batrider |
| 11:24 | Troll Batrider |
| 11:24 | Troll Batrider |
| 11:30 | Beastiary |
| 11:32 | Watch Tower |
| 11:33 | Watch Tower |
| 11:35 | Steel Ranged Weapons |
| 11:46 | Watch Tower |
| 11:49 | Orb of Lightning |
| 11:50 | Healing Salve |
| 12:04 | Watch Tower |
| 12:05 | Watch Tower |
| 12:09 | Peon |
| 12:09 | Peon |
| 12:09 | Peon |
| 12:09 | Peon |
| 12:22 | Troll Batrider |
| 12:28 | Watch Tower |
| 12:30 | Healing Wave |
| 12:44 | Troll Batrider |
| 12:44 | Troll Batrider |
| 12:51 | Watch Tower |
| 12:52 | Watch Tower |
| 12:53 | Watch Tower |
| 12:53 | Watch Tower |
| 12:54 | Watch Tower |
| 13:05 | Troll Batrider |
| 13:08 | Watch Tower |
| 13:12 | Watch Tower |
| 14:37 | Critical Strike |
| 14:42 | Watch Tower |
| 14:43 | Watch Tower |
| 14:44 | Watch Tower |
| 14:47 | Watch Tower |
| 15:28 | Troll Batrider |
| 15:28 | Troll Batrider |
| 15:28 | Troll Batrider |
| 16:06 | Barracks |
| 16:20 | Troll Batrider |
| 16:20 | Troll Batrider |
| 16:21 | Troll Batrider |
| 16:21 | Troll Batrider |
| 16:22 | Thorium Ranged Weapons |
| 16:25 | Lesser Clarity Potion |
| 16:28 | Healing Salve |
| 16:34 | Staff of Sanctuary |
| 18:34 | Healing Wave |
| Right click | 1387 |
| Select group | 500 |
| Select | 168 |
| Build/train/purchase | 123 |
| Use ability | 77 |
| Misc. action | 25 |
| Assign group | 16 |
| Minimap ping | 6 |
| Item give/drop | 4 |
| Esc | 4 |



| Lesser Clarity Potion | 1 | 70 |
| Potion of Mana | 3 | 600 |
| Staff of Sanctuary | 1 | 250 |
| Boots of Speed | 3 | 750 |
| Staff of Teleportation | 2 | 300 |
| Healing Salve | 3 | 300 |
| Orb of Lightning | 1 | 375 |
| total: | 14 | 2645g |
| Peasant | 18 | 1350 | / | 0 |
| Priest | 1 | 135 | / | 10 |
| total: | 19 | 1485g | / | 10w |
| Scout Tower | 81 | 2430 | / | 1620 |
| Arcane Tower | 4 | 280 | / | 200 |
| Guard Tower | 58 | 4060 | / | 2900 |
| Altar of Kings | 2 | 360 | / | 100 |
| Farm | 5 | 400 | / | 100 |
| Lumber Mill | 1 | 120 | / | 0 |
| Town Hall | 2 | 770 | / | 410 |
| Arcane Vault | 4 | 520 | / | 120 |
| Blacksmith | 1 | 140 | / | 60 |
| Barracks | 1 | 160 | / | 60 |
| Arcane Sanctum | 1 | 150 | / | 140 |
| Gryphon Aviary | 1 | 140 | / | 150 |
| Keep | 1 | 320 | / | 210 |
| Castle | 1 | 360 | / | 210 |
| total: | 99 | 5190g | / | 2760w |
| 0:02 | Peasant |
| 0:02 | Peasant |
| 0:07 | Altar of Kings |
| 0:18 | Farm |
| 0:20 | Peasant |
| 0:26 | Peasant |
| 0:35 | Peasant |
| 1:00 | Peasant |
| 1:05 | Lumber Mill |
| 1:08 | Peasant |
| 1:18 | Scout Tower |
| 1:21 | Peasant |
| 1:27 | Scout Tower |
| 1:29 | Scout Tower |
| 1:38 | Peasant |
| 1:41 | Peasant |
| 1:45 | Scout Tower |
| 1:49 | Scout Tower |
| 1:51 | Arcane Tower |
| 1:53 | Peasant |
| 1:54 | Peasant |
| 1:58 | Scout Tower |
| 2:01 | Scout Tower |
| 2:05 | Farm |
| 2:14 | Guard Tower |
| 2:16 | Scout Tower |
| 2:17 | Blizzard |
| 2:29 | Arcane Tower |
| 2:31 | Arcane Tower |
| 2:33 | Scout Tower |
| 2:33 | Scout Tower |
| 2:36 | Scout Tower |
| 2:36 | Scout Tower |
| 2:37 | Guard Tower |
| 2:41 | Guard Tower |
| 2:48 | Guard Tower |
| 3:25 | Scout Tower |
| 3:26 | Scout Tower |
| 3:27 | Guard Tower |
| 3:27 | Scout Tower |
| 3:28 | Scout Tower |
| 3:30 | Guard Tower |
| 3:30 | Guard Tower |
| 3:40 | Peasant |
| 3:40 | Peasant |
| 3:44 | Guard Tower |
| 3:48 | Scout Tower |
| 3:49 | Scout Tower |
| 3:51 | Scout Tower |
| 3:52 | Scout Tower |
| 3:57 | Guard Tower |
| 4:02 | Guard Tower |
| 4:04 | Scout Tower |
| 4:05 | Scout Tower |
| 4:07 | Peasant |
| 4:07 | Peasant |
| 4:33 | Brilliance Aura |
| 4:34 | Guard Tower |
| 4:53 | Guard Tower |
| 5:00 | Peasant |
| 5:01 | Peasant |
| 5:05 | Guard Tower |
| 5:08 | Scout Tower |
| 5:08 | Scout Tower |
| 5:08 | Scout Tower |
| 5:12 | Scout Tower |
| 5:58 | Keep |
| 5:59 | Guard Tower |
| 6:00 | Guard Tower |
| 6:02 | Scout Tower |
| 6:02 | Scout Tower |
| 6:10 | Guard Tower |
| 6:14 | Scout Tower |
| 6:15 | Scout Tower |
| 6:17 | Healing Salve |
| 6:32 | Boots of Speed |
| 6:32 | Staff of Teleportation |
| 6:44 | Guard Tower |
| 6:55 | Scout Tower |
| 6:55 | Scout Tower |
| 6:56 | Scout Tower |
| 6:57 | Scout Tower |
| 7:09 | Farm |
| 7:10 | Farm |
| 7:23 | Guard Tower |
| 7:38 | Guard Tower |
| 7:51 | Scout Tower |
| 7:52 | Scout Tower |
| 7:52 | Scout Tower |
| 7:53 | Scout Tower |
| 8:03 | Town Hall |
| 8:19 | Guard Tower |
| 8:30 | Guard Tower |
| 8:49 | Scout Tower |
| 8:55 | Improved Masonry |
| 8:56 | Arcane Sanctum |
| 9:03 | Scout Tower |
| 9:03 | Scout Tower |
| 9:04 | Scout Tower |
| 9:14 | Scout Tower |
| 9:15 | Scout Tower |
| 9:15 | Scout Tower |
| 9:19 | Castle |
| 9:24 | Scout Tower |
| 9:25 | Scout Tower |
| 9:25 | Scout Tower |
| 9:26 | Scout Tower |
| 9:33 | Guard Tower |
| 9:36 | Arcane Vault |
| 9:38 | Arcane Vault |
| 9:38 | Guard Tower |
| 9:39 | Guard Tower |
| 9:40 | Scout Tower |
| 9:49 | Guard Tower |
| 9:50 | Storm Bolt |
| 9:52 | Healing Salve |
| 9:56 | Scout Tower |
| 9:56 | Scout Tower |
| 9:57 | Scout Tower |
| 9:57 | Scout Tower |
| 9:58 | Scout Tower |
| 9:58 | Scout Tower |
| 9:59 | Guard Tower |
| 10:00 | Scout Tower |
| 10:01 | Scout Tower |
| 10:03 | Scout Tower |
| 10:03 | Scout Tower |
| 10:04 | Scout Tower |
| 10:04 | Scout Tower |
| 10:05 | Scout Tower |
| 10:05 | Scout Tower |
| 10:05 | Scout Tower |
| 10:06 | Scout Tower |
| 10:07 | Advanced Masonry |
| 10:11 | Healing Salve |
| 10:11 | Lesser Clarity Potion |
| 10:12 | Guard Tower |
| 10:15 | Scout Tower |
| 10:16 | Scout Tower |
| 10:34 | Blizzard |
| 10:52 | Guard Tower |
| 10:55 | Guard Tower |
| 11:06 | Guard Tower |
| 11:16 | Town Hall |
| 11:25 | Guard Tower |
| 11:49 | Arcane Vault |
| 11:52 | Guard Tower |
| 12:06 | Magic Sentry |
| 12:06 | Priest |
| 12:13 | Guard Tower |
| 12:21 | Arcane Tower |
| 12:45 | Holy Light |
| 12:46 | Guard Tower |
| 12:48 | Guard Tower |
| 12:50 | Guard Tower |
| 12:51 | Imbued Masonry |
| 13:09 | Guard Tower |
| 13:12 | Arcane Vault |
| 13:18 | Boots of Speed |
| 13:20 | Staff of Teleportation |
| 13:36 | Scout Tower |
| 13:38 | Scout Tower |
| 13:38 | Scout Tower |
| 13:42 | Boots of Speed |
| 14:17 | Bash |
| 14:51 | Scout Tower |
| 14:52 | Scout Tower |
| 14:54 | Scout Tower |
| 14:54 | Scout Tower |
| 14:55 | Scout Tower |
| 14:55 | Scout Tower |
| 15:54 | Guard Tower |
| 16:03 | Potion of Mana |
| 16:03 | Potion of Mana |
| 16:24 | Staff of Sanctuary |
| 16:32 | Potion of Mana |
| 16:34 | Scout Tower |
| 16:35 | Scout Tower |
| 16:36 | Scout Tower |
| 16:36 | Scout Tower |
| 16:40 | Altar of Kings |
| 16:41 | Gryphon Aviary |
| 16:42 | Blacksmith |
| 16:43 | Farm |
| 16:44 | Barracks |
| 16:53 | Divine Shield |
| 17:00 | Orb of Lightning |
| 17:06 | Guard Tower |
| 17:09 | Brilliance Aura |
| 17:35 | Storm Bolt |
| 18:22 | Guard Tower |
| Right click | 2008 |
| Select | 556 |
| Select group | 272 |
| Build/train/purchase | 193 |
| Use ability | 59 |
| Chat | 17 |
| Assign group | 15 |
| Misc. action | 9 |
| Minimap ping | 5 |
| Item give/drop | 4 |
| Remove unit | 1 |



| Lesser Clarity Potion | 3 | 210 |
| Sacrificial Skull | 2 | 100 |
| Orb of Corruption | 3 | 1125 |
| Boots of Speed | 3 | 750 |
| Staff of Teleportation | 3 | 450 |
| Circlet of Nobility | 2 | 350 |
| Healing Salve | 1 | 100 |
| Scroll of Speed | 2 | 100 |
| Staff of Sanctuary | 3 | 750 |
| total: | 22 | 3935g |
| Acolyte | 8 | 600 | / | 0 |
| Ghoul | 11 | 1320 | / | 0 |
| Obsidian Statue | 4 | 800 | / | 140 |
| total: | 23 | 2720g | / | 140w |
| Nerubian Tower | 3 | 300 | / | 60 |
| Spirit Tower | 3 | 435 | / | 120 |
| Crypt | 1 | 200 | / | 50 |
| Altar of Darkness | 1 | 180 | / | 50 |
| Ziggurat | 7 | 1050 | / | 350 |
| Graveyard | 1 | 215 | / | 0 |
| Tomb of Relics | 3 | 390 | / | 90 |
| Slaughterhouse | 1 | 140 | / | 135 |
| Halls of the Dead | 3 | 960 | / | 630 |
| Black Citadel | 1 | 325 | / | 230 |
| total: | 14 | 2175g | / | 675w |
| 0:01 | Acolyte |
| 0:05 | Crypt |
| 0:10 | Acolyte |
| 0:29 | Altar of Darkness |
| 0:32 | Ziggurat |
| 0:56 | Graveyard |
| 1:08 | Ghoul |
| 1:23 | Ziggurat |
| 1:35 | Ghoul |
| 1:35 | Ghoul |
| 1:47 | Ghoul |
| 1:55 | Ghoul |
| 2:17 | Nerubian Tower |
| 2:32 | Death Coil |
| 2:33 | Ghoul |
| 3:04 | Ghoul |
| 3:33 | Acolyte |
| 3:43 | Ghoul |
| 3:46 | Acolyte |
| 3:57 | Ghoul |
| 4:01 | Acolyte |
| 4:27 | Unholy Aura |
| 5:01 | Acolyte |
| 5:02 | Acolyte |
| 5:05 | Ziggurat |
| 5:09 | Boots of Speed |
| 5:10 | Staff of Teleportation |
| 5:36 | Halls of the Dead |
| 6:49 | Spirit Tower |
| 6:52 | Ziggurat |
| 6:53 | Tomb of Relics |
| 7:14 | Death Coil |
| 7:26 | Healing Salve |
| 7:46 | Lesser Clarity Potion |
| 7:48 | Scroll of Speed |
| 7:49 | Lesser Clarity Potion |
| 8:49 | Lesser Clarity Potion |
| 8:50 | Scroll of Speed |
| 9:05 | Frost Nova |
| 9:32 | Boots of Speed |
| 9:32 | Staff of Teleportation |
| 9:33 | Circlet of Nobility |
| 9:37 | Acolyte |
| 10:14 | Black Citadel |
| 10:20 | Ziggurat |
| 10:25 | Tomb of Relics |
| 10:27 | Nerubian Tower |
| 11:13 | Ghoul |
| 11:14 | Ghoul |
| 11:24 | Slaughterhouse |
| 11:35 | Ziggurat |
| 11:36 | Nerubian Tower |
| 11:40 | Sacrificial Skull |
| 11:40 | Sacrificial Skull |
| 11:48 | Staff of Sanctuary |
| 11:58 | Tomb of Relics |
| 11:59 | Ziggurat |
| 12:06 | Spirit Tower |
| 12:53 | Obsidian Statue |
| 12:53 | Obsidian Statue |
| 13:00 | Spirit Tower |
| 13:36 | Cannibalize |
| 13:38 | Ghoul Frenzy |
| 13:40 | Obsidian Statue |
| 13:42 | Obsidian Statue |
| 13:43 | Orb of Corruption |
| 13:49 | Staff of Sanctuary |
| 14:36 | Frost Armor |
| 15:02 | Carrion Swarm |
| 15:16 | Orb of Corruption |
| 15:18 | Orb of Corruption |
| 16:11 | Circlet of Nobility |
| 16:15 | Boots of Speed |
| 16:15 | Staff of Teleportation |
| 16:54 | Unholy Aura |
| 17:10 | Vampiric Aura |
| 18:36 | Staff of Sanctuary |
| Right click | 1167 |
| Select group | 710 |
| Assign group | 517 |
| Select | 198 |
| Build/train/purchase | 149 |
| Resource trade | 107 |
| Use ability | 68 |
| Chat | 46 |
| Misc. action | 36 |
| Item give/drop | 6 |
| Remove unit | 3 |
| Minimap ping | 1 |


| Rod of Necromancy | 2 | 300 |
| Lesser Clarity Potion | 2 | 140 |
| Orb of Corruption | 2 | 750 |
| Staff of Teleportation | 3 | 450 |
| Circlet of Nobility | 2 | 350 |
| Boots of Speed | 1 | 250 |
| Healing Salve | 2 | 200 |
| Staff of Sanctuary | 2 | 500 |
| total: | 16 | 2940g |
| Acolyte | 9 | 675 | / | 0 |
| Ghoul | 13 | 1560 | / | 0 |
| Crypt Fiend | 2 | 430 | / | 80 |
| total: | 24 | 2665g | / | 80w |
| Crypt | 1 | 200 | / | 50 |
| Altar of Darkness | 1 | 180 | / | 50 |
| Ziggurat | 3 | 450 | / | 150 |
| Tomb of Relics | 1 | 130 | / | 30 |
| Necropolis | 1 | 225 | / | 0 |
| Graveyard | 1 | 215 | / | 0 |
| Halls of the Dead | 1 | 320 | / | 210 |
| Black Citadel | 1 | 325 | / | 230 |
| total: | 8 | 1400g | / | 280w |
| 0:01 | Acolyte |
| 0:04 | Acolyte |
| 0:06 | Crypt |
| 0:10 | Altar of Darkness |
| 0:22 | Ziggurat |
| 0:31 | Acolyte |
| 0:31 | Acolyte |
| 0:48 | Tomb of Relics |
| 1:08 | Ghoul |
| 1:22 | Ziggurat |
| 1:29 | Ghoul |
| 1:29 | Ghoul |
| 1:41 | Ghoul |
| 1:41 | Ghoul |
| 2:11 | Death Coil |
| 2:15 | Rod of Necromancy |
| 2:15 | Rod of Necromancy |
| 2:29 | Ghoul |
| 2:43 | Ghoul |
| 3:13 | Ghoul |
| 3:14 | Ghoul |
| 3:47 | Ghoul |
| 3:55 | Acolyte |
| 3:57 | Acolyte |
| 4:18 | Unholy Aura |
| 5:57 | Death Coil |
| 6:25 | Ziggurat |
| 6:28 | Necropolis |
| 6:40 | Halls of the Dead |
| 7:11 | Staff of Teleportation |
| 7:11 | Staff of Teleportation |
| 7:13 | Circlet of Nobility |
| 7:19 | Ghoul |
| 7:19 | Ghoul |
| 8:11 | Ghoul |
| 8:18 | Acolyte |
| 8:18 | Acolyte |
| 8:18 | Acolyte |
| 8:55 | Healing Salve |
| 8:58 | Lesser Clarity Potion |
| 9:57 | Black Citadel |
| 10:02 | Frost Nova |
| 11:27 | Healing Salve |
| 11:29 | Lesser Clarity Potion |
| 11:37 | Graveyard |
| 11:55 | Staff of Teleportation |
| 11:57 | Boots of Speed |
| 11:58 | Circlet of Nobility |
| 12:54 | Orb of Corruption |
| 13:02 | Orb of Corruption |
| 13:33 | Staff of Sanctuary |
| 13:41 | Web |
| 14:02 | Staff of Sanctuary |
| 14:41 | Unholy Aura |
| 14:57 | Frost Armor |
| 15:55 | Crypt Fiend |
| 15:56 | Crypt Fiend |
| 15:57 | Creature Carapace |
| 17:33 | Frost Nova |
| Right click | 1376 |
| Select | 652 |
| Select group | 366 |
| Assign group | 187 |
| Resource trade | 112 |
| Build/train/purchase | 101 |
| Use ability | 55 |
| Chat | 14 |
| Item give/drop | 5 |
| Misc. action | 4 |
| Minimap ping | 4 |
141 units @ 22.2k
/ 2.9k
64 buildings @ 9.2k
/ 3.5k


| Acolyte | 11 | 825 | / | 0 |
| Ghoul | 5 | 600 | / | 0 |
| Crypt Fiend | 11 | 2365 | / | 440 |
| Obsidian Statue | 4 | 800 | / | 140 |
| Meat Wagon | 2 | 460 | / | 100 |
| Necromancer | 9 | 1305 | / | 180 |
| Gargoyle | 2 | 350 | / | 60 |
| total: | 44 | 6705g | / | 920w |
| Nerubian Tower | 2 | 200 | / | 40 |
| Graveyard | 1 | 215 | / | 0 |
| Crypt | 2 | 400 | / | 100 |
| Ziggurat | 7 | 1050 | / | 350 |
| Altar of Darkness | 1 | 180 | / | 50 |
| Tomb of Relics | 1 | 130 | / | 30 |
| Slaughterhouse | 1 | 140 | / | 135 |
| Temple of the Damned | 1 | 155 | / | 140 |
| Halls of the Dead | 2 | 640 | / | 420 |
| Black Citadel | 3 | 975 | / | 690 |
| total: | 14 | 2270g | / | 805w |
| 0:07 | Acolyte |
| 0:07 | Acolyte |
| 0:14 | Graveyard |
| 0:21 | Crypt |
| 0:44 | Ziggurat |
| 1:02 | Altar of Darkness |
| 1:20 | Ziggurat |
| 1:27 | Ghoul |
| 1:28 | Ghoul |
| 1:39 | Ghoul |
| 1:39 | Ghoul |
| 1:53 | Ghoul |
| 2:05 | Tomb of Relics |
| 2:17 | Nerubian Tower |
| 2:35 | Ziggurat |
| 2:51 | Crypt Fiend |
| 2:51 | Crypt Fiend |
| 3:13 | Carrion Beetles |
| 3:27 | Crypt Fiend |
| 3:41 | Crypt Fiend |
| 3:41 | Crypt Fiend |
| 3:56 | Crypt Fiend |
| 4:40 | Halls of the Dead |
| 4:48 | Crypt Fiend |
| 4:48 | Crypt Fiend |
| 5:13 | Ziggurat |
| 5:23 | Spiked Carapace |
| 5:23 | Spiked Carapace |
| 5:35 | Crypt Fiend |
| 6:13 | Crypt |
| 6:42 | Carrion Beetles |
| 7:01 | Acolyte |
| 7:01 | Acolyte |
| 7:02 | Acolyte |
| 7:03 | Acolyte |
| 7:03 | Acolyte |
| 7:36 | Slaughterhouse |
| 7:38 | Temple of the Damned |
| 8:11 | Ziggurat |
| 8:12 | Ziggurat |
| 8:14 | Ziggurat |
| 9:09 | Obsidian Statue |
| 9:10 | Obsidian Statue |
| 9:13 | Skeletal Mastery |
| 9:13 | Necromancer Adept Training |
| 9:23 | Black Citadel |
| 9:31 | Unholy Strength |
| 9:39 | Web |
| 10:09 | Spiked Carapace |
| 10:11 | Vampiric Aura |
| 10:53 | Meat Wagon |
| 11:02 | Necromancer |
| 11:03 | Necromancer |
| 11:03 | Necromancer |
| 11:26 | Crypt Fiend |
| 11:39 | Exhume Corpses |
| 12:35 | Necromancer Master Training |
| 12:37 | Necromancer |
| 12:37 | Necromancer |
| 12:39 | Crypt Fiend |
| 12:40 | Ghoul Frenzy |
| 13:06 | Meat Wagon |
| 13:14 | Gargoyle |
| 13:16 | Gargoyle |
| 13:23 | Unholy Armor |
| 13:24 | Improved Unholy Armor |
| 13:56 | Acolyte |
| 13:56 | Acolyte |
| 13:56 | Acolyte |
| 13:56 | Acolyte |
| 14:21 | Improved Unholy Strength |
| 14:21 | Advanced Unholy Strength |
| 16:34 | Obsidian Statue |
| 16:34 | Obsidian Statue |
| 16:37 | Necromancer |
| 16:37 | Necromancer |
| 16:37 | Necromancer |
| 16:37 | Necromancer |
| 16:41 | Advanced Unholy Armor |
| Select | 231 |
| Select group | 211 |
| Right click | 196 |
| Build/train/purchase | 86 |
| Assign group | 47 |
| Misc. action | 41 |
| Use ability | 7 |
| Item give/drop | 5 |
| Remove unit | 3 |


| Scroll of Regeneration | 1 | 100 |
| total: | 1 | 100g |
| Peasant | 6 | 450 | / | 0 |
| Footman | 10 | 1350 | / | 0 |
| Rifleman | 1 | 205 | / | 30 |
| Gryphon Rider | 6 | 1680 | / | 420 |
| total: | 23 | 3685g | / | 450w |
| Altar of Kings | 1 | 180 | / | 50 |
| Farm | 9 | 720 | / | 180 |
| Barracks | 2 | 320 | / | 120 |
| Arcane Vault | 1 | 130 | / | 30 |
| Lumber Mill | 1 | 120 | / | 0 |
| Blacksmith | 1 | 140 | / | 60 |
| Town Hall | 1 | 385 | / | 205 |
| Gryphon Aviary | 2 | 280 | / | 300 |
| Keep | 1 | 320 | / | 210 |
| Castle | 1 | 360 | / | 210 |
| total: | 18 | 2275g | / | 945w |
| 0:03 | Peasant |
| 0:03 | Peasant |
| 0:03 | Peasant |
| 0:06 | Altar of Kings |
| 0:09 | Farm |
| 0:40 | Barracks |
| 0:50 | Peasant |
| 1:06 | Peasant |
| 1:13 | Arcane Vault |
| 1:21 | Farm |
| 1:26 | Peasant |
| 1:46 | Footman |
| 2:20 | Lumber Mill |
| 2:28 | Footman |
| 2:29 | Summon Water Elemental |
| 2:39 | Footman |
| 3:09 | Footman |
| 3:57 | Keep |
| 4:02 | Farm |
| 4:07 | Brilliance Aura |
| 4:33 | Footman |
| 4:33 | Footman |
| 4:49 | Barracks |
| 4:56 | Footman |
| 4:59 | Blacksmith |
| 5:27 | Footman |
| 5:59 | Footman |
| 5:59 | Footman |
| 6:07 | Scroll of Regeneration |
| 6:22 | Rifleman |
| 6:28 | Farm |
| 7:02 | Gryphon Aviary |
| 7:04 | Summon Water Elemental |
| 8:12 | Castle |
| 8:23 | Farm |
| 8:52 | Gryphon Aviary |
| 8:55 | Improved Lumber Harvesting |
| 8:58 | Iron Forged Swords |
| 9:10 | Town Hall |
| 10:34 | Gryphon Rider |
| 10:36 | Storm Hammers |
| 11:03 | Storm Bolt |
| 11:23 | Gryphon Rider |
| 11:39 | Animal War Training |
| 12:27 | Farm |
| 12:28 | Farm |
| 12:29 | Farm |
| 12:29 | Farm |
| 12:33 | Advanced Lumber Harvesting |
| 13:36 | Gryphon Rider |
| 13:38 | Gryphon Rider |
| 15:24 | Gryphon Rider |
| 16:32 | Gryphon Rider |
| Right click | 525 |
| Select | 251 |
| Select group | 205 |
| Misc. action | 65 |
| Build/train/purchase | 51 |
| Assign group | 39 |
| Use ability | 10 |
| Esc | 3 |
| Minimap ping | 2 |



| Scroll of Regeneration | 3 | 300 |
| Potion of Healing | 1 | 150 |
| Staff of Sanctuary | 1 | 250 |
| Orb of Fire | 1 | 325 |
| Scroll of Town Portal | 2 | 700 |
| Boots of Speed | 1 | 250 |
| Periapt of Vitality | 1 | 325 |
| total: | 10 | 2300g |
| Peasant | 13 | 975 | / | 0 |
| Rifleman | 8 | 1640 | / | 240 |
| Dragonhawk Rider | 11 | 2200 | / | 330 |
| Gryphon Rider | 1 | 280 | / | 70 |
| Priest | 2 | 270 | / | 20 |
| total: | 35 | 5365g | / | 660w |
| Scout Tower | 1 | 30 | / | 20 |
| Arcane Tower | 1 | 70 | / | 50 |
| Blacksmith | 1 | 140 | / | 60 |
| Farm | 9 | 720 | / | 180 |
| Barracks | 1 | 160 | / | 60 |
| Altar of Kings | 1 | 180 | / | 50 |
| Arcane Vault | 1 | 130 | / | 30 |
| Lumber Mill | 1 | 120 | / | 0 |
| Town Hall | 1 | 385 | / | 205 |
| Gryphon Aviary | 2 | 280 | / | 300 |
| Arcane Sanctum | 1 | 150 | / | 140 |
| Keep | 2 | 640 | / | 420 |
| Castle | 2 | 720 | / | 420 |
| total: | 19 | 2295g | / | 1045w |
| 0:03 | Peasant |
| 0:03 | Peasant |
| 0:10 | Blacksmith |
| 0:20 | Farm |
| 0:23 | Peasant |
| 0:35 | Peasant |
| 0:50 | Barracks |
| 0:55 | Peasant |
| 1:18 | Altar of Kings |
| 1:21 | Peasant |
| 1:31 | Farm |
| 1:33 | Peasant |
| 1:52 | Rifleman |
| 1:55 | Peasant |
| 2:04 | Farm |
| 2:08 | Farm |
| 2:23 | Rifleman |
| 2:23 | Rifleman |
| 2:23 | Rifleman |
| 2:44 | Rifleman |
| 2:52 | Farm |
| 3:02 | Black Gunpowder |
| 3:24 | Rifleman |
| 3:25 | Summon Water Elemental |
| 3:36 | Arcane Vault |
| 4:04 | Keep |
| 4:08 | Brilliance Aura |
| 4:37 | Lumber Mill |
| 4:46 | Rifleman |
| 4:58 | Scroll of Regeneration |
| 5:47 | Rifleman |
| 5:52 | Town Hall |
| 5:55 | Scout Tower |
| 6:03 | Farm |
| 6:21 | Brilliance Aura |
| 6:33 | Arcane Tower |
| 7:38 | Scroll of Regeneration |
| 7:41 | Potion of Healing |
| 7:48 | Gryphon Aviary |
| 7:52 | Peasant |
| 7:52 | Peasant |
| 7:52 | Peasant |
| 7:53 | Improved Lumber Harvesting |
| 7:55 | Peasant |
| 7:55 | Peasant |
| 8:05 | Long Rifles |
| 8:26 | Scroll of Town Portal |
| 8:29 | Scroll of Regeneration |
| 8:52 | Storm Bolt |
| 9:02 | Castle |
| 9:05 | Farm |
| 9:57 | Dragonhawk Rider |
| 9:57 | Dragonhawk Rider |
| 9:57 | Dragonhawk Rider |
| 10:17 | Gryphon Aviary |
| 10:18 | Iron Forged Swords |
| 11:15 | Dragonhawk Rider |
| 11:23 | Dragonhawk Rider |
| 11:27 | Cloud |
| 11:28 | Animal War Training |
| 11:30 | Advanced Lumber Harvesting |
| 11:37 | Arcane Sanctum |
| 11:38 | Scroll of Town Portal |
| 11:39 | Staff of Sanctuary |
| 11:40 | Orb of Fire |
| 12:05 | Gryphon Rider |
| 12:09 | Studded Leather Armor |
| 12:28 | Holy Light |
| 12:33 | Boots of Speed |
| 12:53 | Periapt of Vitality |
| 13:04 | Storm Hammers |
| 13:10 | Priest Adept Training |
| 13:34 | Farm |
| 13:36 | Farm |
| 14:40 | Dragonhawk Rider |
| 14:40 | Dragonhawk Rider |
| 14:44 | Priest Master Training |
| 15:09 | Dragonhawk Rider |
| 15:09 | Dragonhawk Rider |
| 15:22 | Priest |
| 16:21 | Dragonhawk Rider |
| 16:21 | Dragonhawk Rider |
| 16:23 | Priest |
| Right click | 1107 |
| Select | 367 |
| Select group | 167 |
| Assign group | 95 |
| Build/train/purchase | 95 |
| Use ability | 37 |
| Minimap ping | 15 |
| Chat | 12 |
| Item give/drop | 8 |
| Misc. action | 3 |
| Remove unit | 2 |


| Boots of Speed | 1 | 250 |
| Periapt of Vitality | 1 | 325 |
| total: | 2 | 575g |
| Peon | 7 | 525 | / | 0 |
| Grunt | 5 | 1000 | / | 0 |
| Troll Headhunter | 4 | 560 | / | 80 |
| Kodo Beast | 3 | 765 | / | 180 |
| Troll Berserker | 11 | 1540 | / | 220 |
| Wind Rider | 2 | 530 | / | 80 |
| Demolisher | 5 | 1100 | / | 250 |
| Forest Troll Berserker | 1 | 245 | / | 30 |
| Forest Troll Shadow Priest | 1 | 195 | / | 10 |
| total: | 39 | 6460g | / | 850w |
| Watch Tower | 1 | 110 | / | 80 |
| Barracks | 1 | 180 | / | 50 |
| Altar of Storms | 1 | 180 | / | 50 |
| Orc Burrow | 6 | 960 | / | 240 |
| War Mill | 2 | 410 | / | 0 |
| Great Hall | 1 | 385 | / | 185 |
| Beastiary | 1 | 145 | / | 140 |
| Stronghold | 1 | 315 | / | 190 |
| Fortress | 1 | 325 | / | 190 |
| total: | 13 | 2370g | / | 745w |
| 0:06 | Peon |
| 0:08 | Peon |
| 0:09 | Peon |
| 0:12 | Barracks |
| 0:23 | Altar of Storms |
| 0:42 | Orc Burrow |
| 0:49 | Peon |
| 1:26 | Peon |
| 1:33 | Grunt |
| 1:39 | Orc Burrow |
| 2:00 | War Mill |
| 2:06 | War Mill |
| 2:31 | Grunt |
| 2:35 | Feral Spirit |
| 2:45 | Grunt |
| 3:15 | Grunt |
| 3:37 | Grunt |
| 4:04 | Stronghold |
| 4:07 | Steel Ranged Weapons |
| 4:13 | Orc Burrow |
| 4:23 | Chain Lighting |
| 5:07 | Troll Headhunter |
| 5:07 | Troll Headhunter |
| 5:07 | Troll Headhunter |
| 5:07 | Troll Headhunter |
| 5:31 | Feral Spirit |
| 6:31 | Fortress |
| 6:58 | Beastiary |
| 7:03 | Steel Armor |
| 7:04 | Thorium Armor |
| 7:49 | Forest Troll Berserker |
| 7:49 | Forest Troll Shadow Priest |
| 7:58 | Frost Arrows |
| 9:07 | Berserker Upgrade |
| 9:11 | Peon |
| 9:11 | Peon |
| 9:34 | Troll Regeneration |
| 9:40 | Kodo Beast |
| 9:41 | Kodo Beast |
| 9:54 | Troll Berserker |
| 9:54 | Troll Berserker |
| 9:54 | Troll Berserker |
| 10:02 | Wind Rider |
| 10:31 | Orc Burrow |
| 11:20 | Watch Tower |
| 11:30 | Great Hall |
| 11:38 | Troll Berserker |
| 11:38 | Troll Berserker |
| 11:42 | Troll Berserker |
| 11:42 | Troll Berserker |
| 11:46 | Forked Lightning |
| 11:54 | Chain Lighting |
| 12:14 | Troll Berserker |
| 12:24 | Kodo Beast |
| 12:26 | Orc Burrow |
| 12:36 | Boots of Speed |
| 12:44 | Periapt of Vitality |
| 12:57 | War Drums Damage Increase |
| 13:11 | Wind Rider |
| 13:19 | Orc Burrow |
| 13:46 | Troll Berserker |
| 13:46 | Troll Berserker |
| 13:54 | Troll Berserker |
| 14:03 | Demolisher |
| 14:03 | Demolisher |
| 14:31 | Burning Oil |
| 15:48 | Demolisher |
| 15:48 | Demolisher |
| 15:48 | Demolisher |
| Right click | 658 |
| Select | 227 |
| Select group | 176 |
| Build/train/purchase | 74 |
| Misc. action | 49 |
| Assign group | 39 |
| Use ability | 26 |
| Item give/drop | 5 |
| Remove unit | 2 |
⇛